 Dungeon Crawl Stone Soup version 0.16.0-17-g811c1d7 (webtiles) character file.

98 valak23 the Skirmisher (level 4, -3/24 HPs)
             Began as a Vine Stalker Fighter on Mar 21, 2015.
             Killed by divine providence
             ... invoked by an orc priest
              (11 damage)
             ... on level 4 of the Dungeon.
             The game lasted 00:03:34 (889 turns).

valak23 the Skirmisher (Vine Stalker Fighter)        Turns: 889, Time: 00:03:36

Health: -3/24      AC:  6    Str: 19    XL:     4   Next: 69%
Magic:  0/5        EV:  7    Int:  8    God:
Gold:   33         SH:  9    Dex: 14    Spells: 0 memorised, 3 levels left

rFire  . . .     SeeInvis .     a - +0 war axe
rCold  . . .     Clarity  .     b - +0 scale mail
rNeg   . . .     SustAb   .     c - +0 shield
rPois  .         Gourm    .     (no helmet)
rElec  .         Spirit   +     (no cloak)
rCorr  .         Warding  .     (no gloves)
rMut   .         Stasis   .     (no boots)
MR     .....                    (no amulet)
Stlth  ..........               (no ring)
                                (no ring)

@: not resistant to hostile enchantments, extremely unstealthy
A: fangs 2, regeneration 1, magic shield, antimagic bite, no device heal 3, rot
immunity
a: no special abilities


You were on level 4 of the Dungeon.
You were not hungry.

You visited 1 branch of the dungeon, and saw 3 of its levels.

You collected 33 gold pieces.

Inventory:

Hand weapons
 a - a +0 war axe (weapon)
Armour
 b - a +0 scale mail (worn)
 c - a +0 shield (worn)
Scrolls
 f - 2 scrolls of identify {unknown}
 g - a scroll of blinking {unknown}
 h - a scroll of fog {unknown}
 i - 2 scrolls of random uselessness {unknown}
 n - a scroll of teleportation {unknown}
Potions
 e - a potion of might
 j - a potion of experience {unknown}
 k - 2 potions of heal wounds {unknown}
 m - a potion of ambrosia {unknown}
Miscellaneous
 l - a plain deck of changes
Comestibles
 d - a bread ration


   Skills:
 + Level 3.5 Fighting
 * Level 2.5 Axes
 + Level 2.8 Armour
 + Level 0.2 Dodging
 + Level 0.3 Stealth
 + Level 3.2 Shields


You had 3 spell levels left.
You didn't know any spells.

Dungeon Overview and Level Annotations

Branches:
Dungeon (4/15)
 Temple: D:4-7

Altars:
Nemelex Xobeh


Innate Abilities, Weirdness & Mutations

You have extremely sharp teeth.
Your natural rate of healing is unusually fast.
When hurt, damage is shared between your health and your magic reserves.
Your bite disrupts and absorbs the magic of your enemies.
Potions and wands cannot restore your health.
You are immune to rotting.


Message History

You closely miss something. Something hits you. Something hits you.
You barely miss something. You bite something. You barely miss the orc priest.
You slash the orc!
You kill the orc!
The orc priest hits you but does no damage.
Something hits you but does no damage.
The orc priest hits you but does no damage.
You hit something!
You hit the orc priest but do no damage.
Something hits you but does no damage.
The orc priest hits you but does no damage.
Something hits you.
You closely miss something. You hit the orc.
The orc is severely wounded.
Your shield and scale mail prevent you from hitting the orc priest.
The orc priest barely misses you. Something hits you but does no damage.
The orc hits you but does no damage.
The orc priest calls down the wrath of Beogh upon you.
Something smites you!
You die...

#.# ##.# #.###..###
###....)...##
##.######....##.##...
............#.#####.##
##.###.......# #...
##.# #.##.##.# #.#.
#####..o##.##.##.#
#.#.
#......{@.....##.. ..#
#.###.$o##.########
### ##.# #.# #. #.# #
#.# #.# #.# #.# .


You could see an orc priest and an orc.

Vanquished Creatures
  Ijyb (D:4)
  An adder (D:2)
  4 gnolls (D:2)
  An ooze (D:1)
  2 orcs (D:4)
  8 goblins (D:1)
  4 hobgoblins (D:1)
  A quokka (D:2)
  2 bats
  2 giant newts (D:1)
  5 kobolds (D:1)
31 creatures vanquished.

Notes
Turn   | Place    | Note
--------------------------------------------------------------
     0 | D:1      | valak23, the Vine Stalker Fighter, began the quest for the Orb.
     0 | D:1      | Reached XP level 1. HP: 11/11 MP: 1/1
   122 | D:1      | Reached skill level 3 in Fighting
   124 | D:1      | Reached XP level 2. HP: 14/16 MP: 3/3
   628 | D:1      | Reached XP level 3. HP: 18/20 MP: 4/4
   795 | D:2      | Reached XP level 4. HP: 15/24 MP: 5/5
   798 | D:2      | Found a sparkling altar of Nemelex Xobeh.
   854 | D:2      | You fall through a shaft for 2 floors!
   854 | D:4      | Noticed Ijyb
   857 | D:4      | Killed Ijyb
   889 | D:4      | Killed from afar by an orc priest

Action                   |  1- 3 |  4- 6 || total
-------------------------+-------+-------++-------
Melee: War axe           |    48 |    13 ||    61
